 Dungeon Crawl Stone Soup version 0.30-a0-722-g3e6e8c874d (webtiles) character file.

Game seed: 9036945087454732532

28 ASSMAN the Shield-Bearer (level 3, 0/31 HPs)
             Began as a Meteoran Fighter on Jan 28, 2023.
             Slain by Natasha (1 damage)
             ... on level 3 of the Dungeon.
             The game lasted 00:01:06 (1103 turns).

ASSMAN the Shield-Bearer (Meteoran Fighter)         Turns: 1103, Time: 00:01:07

Health: 0/31       AC:  7    Str: 20    XL:     3   Next: 47%
Magic:  4/4        EV:  9    Int:  9    God:
Gold:   46         SH:  5    Dex: 13    Spells: 2/2 levels left

rFire   . . .      SeeInvis .    a - +0 trident
rCold   . . .      Faith    .    c - +0 buckler
rNeg    . . .      Spirit   .    b - +0 scale mail
rPois   .          Reflect  .    (no helmet)
rElec   .          Harm     .    (no cloak)
rCorr   .          Rampage  .    (no gloves)
Will    .....                    (no boots) Stlth
                                 (no amulet)
HPRegen 0.25/turn                (no ring)
MPRegen 0.09/turn                (no ring)

@: slowed, glowing, very slow
A: sense surroundings 1, otherworldly, glowing, explore regen
a: no special abilities


You were on level 3 of the Dungeon.
You visited 1 branch of the dungeon, and saw 3 of its levels.

You collected 46 gold pieces.

Inventory:

Hand Weapons
 a - a +0 trident (weapon)
Armour
 b - a +0 scale mail (worn)
 c - a +0 buckler (worn)
Scrolls
 e - a scroll of torment {unknown}
 f - a scroll of immolation {unknown}
 g - a scroll of blinking {unknown}
 i - a scroll of vulnerability {unknown}
 k - a scroll of enchant weapon {unknown}
 l - a scroll of fear {unknown}
Potions
 d - a potion of might
 h - a potion of mutation {unknown}
 j - a potion of attraction {unknown}
 m - a potion of lignification {unknown}
 n - 2 potions of invisibility {unknown}
 o - a potion of flight {unknown}


   Skills:
 - Level 3.5 Fighting
 + Level 3.5 Polearms
 - Level 3.9 Armour
 - Level 3.9 Shields


You had 2 spell levels left.
You didn't know any spells.
Your spell library contained the following spells:

 Spells                   Type           Power      Damage    Failure   Level
 Beastly Appendage        Tmut           0%         N/A       83%         1
 Scorch                   Fire           0%         2d5       92%         2
 Wereblood                Tmut           0%         N/A       92%         2
 Spider Form              Tmut/Pois      0%         N/A       99%         3
 Flame Wave               Conj/Fire      0%         2d4       100%        4
 Summon Cactus Giant      Summ           0%         N/A       100%        6


Dungeon Overview and Level Annotations

Branches:
Dungeon (3/15) Zot: 678

Altars:
Dithmenos

Annotations:
D:3 Natasha


Innate Abilities, Weirdness & Mutations

You passively map a small area around you.
You are easily found by Zot.
You glow in the dark.
You regain HP and MP as you explore.


Message History

Natasha is moderately wounded.
Natasha claws you but does no damage. You block Natasha's attack.
You hit Natasha but do no damage.
Natasha is moderately wounded.
Natasha barely misses you.
You closely miss Natasha.
Natasha is moderately wounded.
The iron imp hits you. Natasha casts a spell at you.
You feel yourself slow down.
You hit Natasha.
Natasha is moderately wounded.
The iron imp hits you but does no damage.
Natasha claws you. The iron imp closely misses you. You block Natasha's attack.
You hit Natasha.
Natasha is severely wounded.
Natasha claws you. You block the iron imp's attack.
You closely miss Natasha.
Natasha is severely wounded.
Natasha howls an incantation.
Natasha shimmers violently.
Natasha claws you. The iron imp hits you.
Natasha stares at you and mumbles some strange words.
The magic dart hits you.
The iron imp shouts, "Crawl home, thou worthless guts-griping clam!"
The iron imp barely misses you.
You barely miss Natasha.
Natasha is severely wounded.
Natasha casts a spell at you.
You feel as though you will be slow longer.
The iron imp hits you.
* * * LOW HITPOINT WARNING * * *
Natasha claws you.
* * * LOW HITPOINT WARNING * * *
You hit Natasha but do no damage.
Natasha is severely wounded.
Natasha closely misses you. The iron imp hits you.
* * * LOW HITPOINT WARNING * * *
Natasha claws you.
You die...

, , * ...P.PPP.P
#..P.....P. * ,
,..P.._..P.,
..P.....P. , #
*##.P.PPP.P.
#.##..........
.##..<5hPPPPPPP.
.......@........
########.#......
, #<..###. #####
*


You could see an iron imp (summoned) and Natasha.

Vanquished Creatures
  A worm (D:2)
  4 bats
  2 giant cockroaches (D:1)
  2 goblins
  4 hobgoblins
  2 jackals (D:1)
  3 kobolds
  A quokka (D:1)
  A ball python (D:2)
  A frilled lizard (D:1)
  A rat (D:1)
22 creatures vanquished.

Vanquished Creatures (others)
  A plant (D:1)
1 creature vanquished.

Grand Total: 23 creatures vanquished

Notes
Turn   | Place    | Note
-------+----------+-------------------------------------------
     0 | D:1      | ASSMAN the Meteoran Fighter began the quest for the Orb.
     0 | D:1      | Reached XP level 1. HP: 19/19 MP: 2/2
    65 | D:1      | Reached XP level 2. HP: 14/26 MP: 3/3
    74 | D:1      | Found a faded altar of an unknown god.
   260 | D:1      | Reached XP level 3. HP: 29/31 MP: 4/4
  1087 | D:2      | Glimpsed the power of Zot.
  1091 | D:3      | Noticed Natasha
  1091 | D:3      | Found a shadowy altar of Dithmenos.
  1103 | D:3      | HP: 1/31 [iron imp[Natasha] (5)]
  1103 | D:3      | Slain by Natasha

Illustrated notes

Levels and vault maps discovered:
D:1:      giann_bridges, layout_basic, shapermc_ecumenical_altar_starsandcircs
D:2:      layout_basic
D:3:      layout_loops_corners, mainiacjoe_overflow_surrounded_room,
          nicolae_overflow_ecumenical_swirl, mainiacjoe_overflow_catwalk,
          lemuel_zombie_altar_kikubaaqudgha, nicolae_overflow_hidden_temple,
          mainiacjoe_overflow_alcove_1, mainiacjoe_overflow_cross_hatched,
          gammafunk_ghost_grave, minmay_starry_boxes, uniq_robin, uniq_natasha

Skill      XL: |  1  2  3 |
---------------+----------+-----
Polearms       | 3 |  3.5
Fighting       | |  3.5
Armour         | |  3.9
Shields        | |  3.9

Action                     || total
---------------------------++-------
  Melee: Trident           ||    78
 Armour: Scale mail        ||    36
  Dodge: Dodged            ||    20
  Block: Buckler           ||    17

Table legend: (Time is in decaauts)
 A = Elapsed time spent in this place.
 B = Non-inter-level travel time spent in this place.
 C = Inter-level travel time spent in this place.
 D = Time resting spent in this place.
 E = Time spent auto-exploring this place.
 F = Levels seen in this place.
 G = Mean time per level.
                   A        B        C        D        E       F      G
               +--------+--------+--------+--------+--------+-----+--------+
         Total |   1119 |   1072 |     47 |      0 |    893 |   3 |  373.0 |
       Dungeon |   1119 |   1072 |     47 |      0 |    893 |   3 |  373.0 |
               +--------+--------+--------+--------+--------+-----+--------+

Top non-repeatable levels by time:
     D:2: 760 daAuts
     D:1: 343 daAuts
     D:3: 15 daAuts
